| TOP OF THE 1ST |
|
Altoona Curve batting - Pitching for Biloxi Shuckers : RHP Jeff Swomley
|
|
Pitching: RHP Jeff Swomley
|
|
|
Batting: LHB Sammy Roddenberry
|
0-0: Foul Ball, location: 2F 0-1: Swinging Strike 0-2: Ball 1-2: SINGLE (Line Drive, 8LS, EV 91.2 MPH)
|
|
Batting: LHB Jorge Quintana
|
0-0: Fly out, F8 (Flyball, 8LXD, EV 102.5 MPH)
|
|
Batting: LHB Phil DeCamp
|
0-0: Ball 1-0: Ball 2-0: Swinging Strike 2-1: Ball 3-1: Foul Ball, location: 2F 3-2: Fly out, F8 (Flyball, 8RXD, EV 108.8 MPH)
|
|
Batting: LHB Marc Carter
|
0-0: Called Strike Sammy Roddenberry steals 2nd base 0-1: SINGLE (Flyball, 3D, EV 86.2 MPH) Sammy Roddenberry to third Runner from 3rd tries for Home, throw by RF and OUT! 9-2
|
| Top of the 1st over - 0 runs, 2 hits, 0 errors, 1 left on base; Altoona 0 - Biloxi 0 |
| BOTTOM OF THE 1ST |
|
Biloxi Shuckers batting - Pitching for Altoona Curve : RHP Joreão Zquete
|
|
Pitching: RHP Joreão Zquete
|
|
|
Batting: RHB Nick Cummings
|
0-0: Ball 1-0: Ball 2-0: Called Strike 2-1: Ground out 6-3 (Groundball, 6, EV 89.4 MPH)
|
|
Batting: SHB Mike Williams
|
0-0: Foul Ball, location: 2F 0-1: Ball 1-1: Swinging Strike 1-2: Strikes out swinging
|
|
Batting: LHB Pablo Cardona
|
0-0: Ball 1-0: Foul Ball, location: 2F 1-1: Ball 2-1: Foul Ball, location: 2F 2-2: Fly out, F9 (Flyball, 89D, EV 90.0 MPH)
|
| Bottom of the 1st over - 0 runs, 0 hits, 0 errors, 0 left on base; Altoona 0 - Biloxi 0 |
| TOP OF THE 2ND |
|
Altoona Curve batting - Pitching for Biloxi Shuckers : RHP Jeff Swomley
|
|
Batting: RHB Jose Almonte
|
0-0: Ball 1-0: Foul Ball, location: 2F 1-1: Ball 2-1: Ball 3-1: Called Strike 3-2: SINGLE (Groundball, 34D, EV 95.0 MPH)
|
|
Batting: RHB Mike Velazquez
|
0-0: Foul Ball, location: 2F 0-1: Called Strike 0-2: Foul Ball, location: 2F 0-2: Ball 1-2: Foul Ball, location: 2F 1-2: Foul Ball, location: 2F 1-2: Strikes out looking
|
|
Batting: RHB Richard Barrios
|
0-0: Ball 1-0: Fielders Choice at 2nd, 6-4 (Groundball, 6, EV 78.8 MPH)
|
|
Batting: SHB Curtis Thompson
|
0-0: DOUBLE (Flyball, 8LXD, EV 92.5 MPH) Richard Barrios to third
|
|
Batting: RHB Pleun Smit
|
0-0: Ball 1-0: Foul Ball, location: 2F 1-1: Called Strike 1-2: Ball 2-2: Ball 3-2: Fly out, F9 (Flyball, 9S, EV 80.6 MPH)
|
| Top of the 2nd over - 0 runs, 2 hits, 0 errors, 2 left on base; Altoona 0 - Biloxi 0 |
| BOTTOM OF THE 2ND |
|
Biloxi Shuckers batting - Pitching for Altoona Curve : RHP Joreão Zquete
|
|
Batting: RHB Steve Byerly
|
0-0: Ball 1-0: Foul Ball, location: 2F 1-1: Ball 2-1: Ball 3-1: Foul Ball, location: 2F 3-2: Fly out, F9 (Flyball, 89S, EV 76.9 MPH)
|
|
Batting: RHB Josh Nelson
|
0-0: Called Strike 0-1: Foul Ball, location: 2F 0-2: Ground out 6-3 (Groundball, 56D, EV 77.5 MPH)
|
|
Batting: RHB Bobby Heagle
|
0-0: Ball 1-0: Called Strike 1-1: Ball 2-1: Ball 3-1: Called Strike 3-2: DOUBLE (Flyball, 8LXD, EV 90.0 MPH)
|
|
Batting: RHB Brian Landrum
|
0-0: Ball 1-0: SINGLE (Groundball, 2L, EV 66.9 MPH) (infield hit) Bobby Heagle to third
|
|
Batting: RHB Leo Serrano
|
0-0: Ball 1-0: Ball 2-0: Swinging Strike 2-1: Foul Ball, location: 2F 2-2: Ball 3-2: Strikes out swinging
|
| Bottom of the 2nd over - 0 runs, 2 hits, 0 errors, 2 left on base; Altoona 0 - Biloxi 0 |
| TOP OF THE 3RD |
|
Altoona Curve batting - Pitching for Biloxi Shuckers : RHP Jeff Swomley
|
|
Batting: LHB Sammy Roddenberry
|
0-0: Called Strike 0-1: Ball 1-1: Foul Ball, location: 2F 1-2: Ball 2-2: Ball 3-2: SINGLE (Groundball, 4M, EV 85.0 MPH) (infield hit)
|
|
Batting: LHB Jorge Quintana
|
0-0: Ball Sammy Roddenberry steals 2nd base 1-0: Called Strike 1-1: Foul Ball, location: 2F 1-2: Ball 2-2: Ground out 4-3 (Groundball, 4, EV 83.1 MPH) Sammy Roddenberry to third
|
|
Batting: LHB Phil DeCamp
|
0-0: Called Strike 0-1: Ball 1-1: Ball 2-1: Called Strike 2-2: Foul Ball, location: 2F 2-2: DOUBLE (Flyball, 78XD, EV 108.8 MPH) Sammy Roddenberry scores
|
|
Batting: LHB Marc Carter
|
0-0: Ball 1-0: Called Strike 1-1: Called Strike 1-2: Strikes out swinging
|
|
Batting: RHB Jose Almonte
|
0-0: Ball 1-0: Ball 2-0: Ball 3-0: Base on Balls
|
|
Batting: RHB Mike Velazquez
|
0-0: SINGLE (Groundball, 56D, EV 96.9 MPH) Phil DeCamp to third Jose Almonte to second Runner from 3rd tries for Home, SAFE, throw by LF to home
|
|
Batting: RHB Richard Barrios
|
0-0: Ball 1-0: Ball 2-0: Ball 3-0: Base on Balls Jose Almonte to third Mike Velazquez to second
|
|
Batting: SHB Curtis Thompson
|
0-0: Foul Ball, location: 2F 0-1: Called Strike 0-2: Ground out 4-3 (Groundball, 34, EV 80.6 MPH)
|
| Top of the 3rd over - 2 runs, 3 hits, 0 errors, 3 left on base; Altoona 2 - Biloxi 0 |
| BOTTOM OF THE 3RD |
|
Biloxi Shuckers batting - Pitching for Altoona Curve : RHP Joreão Zquete
|
|
Batting: SHB Robert Sayer
|
0-0: Ball 1-0: Foul Ball, location: 2F 1-1: Ground out 4-3 (Groundball, 34D, EV 91.2 MPH)
|
|
Batting: RHB Nick Cummings
|
0-0: Called Strike 0-1: Called Strike 0-2: Ball 1-2: Ground out 5-3 (Groundball, 56, EV 89.4 MPH)
|
|
Batting: SHB Mike Williams
|
0-0: Ball 1-0: Foul Ball, location: 2F 1-1: SINGLE (Groundball, 6MD, EV 96.9 MPH)
|
|
Batting: LHB Pablo Cardona
|
0-0: Called Strike 0-1: Ball 1-1: Ball 2-1: Swinging Strike 2-2: Foul Ball, location: 2F 2-2: Strikes out swinging
|
| Bottom of the 3rd over - 0 runs, 1 hit, 0 errors, 1 left on base; Altoona 2 - Biloxi 0 |
| TOP OF THE 4TH |
|
Altoona Curve batting - Pitching for Biloxi Shuckers : RHP Jeff Swomley
|
|
Batting: RHB Pleun Smit
|
0-0: Called Strike 0-1: Foul Ball, location: 2F 0-2: Foul Ball, location: 2F 0-2: Strikes out looking
|
|
Batting: LHB Sammy Roddenberry
|
0-0: Ball 1-0: Ball 2-0: SINGLE (Flyball, 89S, EV 90.6 MPH)
|
|
Batting: LHB Jorge Quintana
|
0-0: Called Strike Sammy Roddenberry steals 2nd base 0-1: Ground out 4-3 (Groundball, 4, EV 86.9 MPH) Sammy Roddenberry to third
|
|
Batting: LHB Phil DeCamp
|
0-0: Called Strike 0-1: Foul Ball, location: 2F 0-2: Foul Ball, location: 2F 0-2: SINGLE (Groundball, 34S, EV 70.0 MPH) (infield hit) Sammy Roddenberry scores
|
|
Batting: LHB Marc Carter
|
0-0: SINGLE (Line Drive, 6MD, EV 96.9 MPH) Phil DeCamp to second Runner from 2nd tries for 3rd, SAFE, throw by CF made to third
|
|
Batting: RHB Jose Almonte
|
0-0: Called Strike 0-1: Ball 1-1: Ball 2-1: Ball 3-1: Foul Ball, location: 2F 3-2: Fly out, F7 (Flyball, 78M, EV 98.1 MPH)
|
| Top of the 4th over - 1 run, 3 hits, 0 errors, 2 left on base; Altoona 3 - Biloxi 0 |
| BOTTOM OF THE 4TH |
|
Biloxi Shuckers batting - Pitching for Altoona Curve : RHP Joreão Zquete
|
|
Batting: RHB Steve Byerly
|
0-0: Ball 1-0: Foul Ball, location: 2F 1-1: Ball 2-1: Foul Ball, location: 2F 2-2: Ball 3-2: Strikes out swinging
|
|
Batting: RHB Josh Nelson
|
0-0: Called Strike 0-1: Swinging Strike 0-2: Ball 1-2: Ball 2-2: Foul Ball, location: 2F 2-2: Ball 3-2: SINGLE (Groundball, 6MD, EV 100.0 MPH)
|
|
Batting: RHB Bobby Heagle
|
0-0: Swinging Strike 0-1: Called Strike 0-2: Ball 1-2: Ball 2-2: Strikes out swinging
|
|
Batting: RHB Brian Landrum
|
0-0: Ball 1-0: Ball 2-0: Fielders Choice at 2nd, 6-4 (Groundball, 6, EV 83.8 MPH)
|
| Bottom of the 4th over - 0 runs, 1 hit, 0 errors, 1 left on base; Altoona 3 - Biloxi 0 |
| TOP OF THE 5TH |
|
Altoona Curve batting - Pitching for Biloxi Shuckers : RHP Jeff Swomley
|
|
Batting: RHB Mike Velazquez
|
0-0: Fly out, F7 (Flyball, 7LM, EV 88.1 MPH)
|
|
Batting: RHB Richard Barrios
|
0-0: Ball 1-0: Ball 2-0: SOLO HOME RUN (Flyball, 7LD, EV 95.6 MPH), Distance : 357 ft
|
|
Batting: SHB Curtis Thompson
|
0-0: Called Strike 0-1: Reached on error, E3 (Groundball, 34, EV 84.4 MPH)
|
|
Pitching: RHP Chris Bedard
|
|
|
Batting: RHB Pleun Smit
|
Pickoff Throw to First - Out! 1-3 0-0: Swinging Strike 0-1: Called Strike 0-2: Strikes out swinging
|
| Top of the 5th over - 1 run, 1 hit, 1 error, 0 left on base; Altoona 4 - Biloxi 0 |
| BOTTOM OF THE 5TH |
|
Biloxi Shuckers batting - Pitching for Altoona Curve : RHP Joreão Zquete
|
|
Batting: RHB Leo Serrano
|
0-0: Ball 1-0: Ball 2-0: Ground out 6-3 (Groundball, 6M, EV 103.1 MPH)
|
|
Batting: SHB Robert Sayer
|
0-0: Ball 1-0: Ball 2-0: Ground out U3 (Groundball, 3, EV 85.0 MPH)
|
|
Batting: RHB Nick Cummings
|
0-0: Fly out, F3 (Flyball, 3D, EV 90.0 MPH)
|
| Bottom of the 5th over - 0 runs, 0 hits, 0 errors, 0 left on base; Altoona 4 - Biloxi 0 |
| TOP OF THE 6TH |
|
Altoona Curve batting - Pitching for Biloxi Shuckers : RHP Chris Bedard
|
|
Batting: LHB Sammy Roddenberry
|
0-0: Called Strike 0-1: Foul Ball, location: 2F 0-2: SINGLE (Groundball, 56S, EV 70.6 MPH) (infield hit)
|
|
Batting: LHB Jorge Quintana
|
0-0: Called Strike 0-1: Foul Ball, location: 2F 0-2: Ball 1-2: Foul Ball, location: 2F 1-2: Foul Ball, location: 2F 1-2: SINGLE (Groundball, 6D, EV 96.9 MPH) Sammy Roddenberry to second
|
|
Batting: LHB Phil DeCamp
|
0-0: Ball 1-0: Called Strike Sammy Roddenberry steals 3rd base (no throw) Jorge Quintana to second 1-1: Foul Ball, location: 2F 1-2: Ground out U3 (Groundball, 3, EV 81.2 MPH)
|
|
Batting: LHB Marc Carter
|
0-0: Intentional Walk
|
|
Batting: RHB Jose Almonte
|
0-0: Fly out, F7 (Flyball, 8LM, EV 84.4 MPH)
|
|
Batting: RHB Mike Velazquez
|
0-0: Ball 1-0: Foul Ball, location: 2F 1-1: Swinging Strike 1-2: Strikes out swinging
|
| Top of the 6th over - 0 runs, 2 hits, 0 errors, 3 left on base; Altoona 4 - Biloxi 0 |
| BOTTOM OF THE 6TH |
|
Biloxi Shuckers batting - Pitching for Altoona Curve : RHP Joreão Zquete
|
|
Batting: SHB Mike Williams
|
0-0: Foul Ball, location: 2F 0-1: Ball 1-1: Fly out, F3 (Popup, 23F, EV 80.0 MPH)
|
|
Batting: LHB Pablo Cardona
|
0-0: Ball 1-0: Called Strike 1-1: Ball 2-1: SINGLE (Groundball, P, EV 83.8 MPH) (infield hit)
|
|
Batting: RHB Steve Byerly
|
0-0: Foul Ball, location: 2F 0-1: Ball 1-1: Fly out, F8 (Flyball, 89M, EV 93.1 MPH)
|
|
Batting: RHB Josh Nelson
|
0-0: Ball 1-0: Ball 2-0: Foul Ball, location: 2F 2-1: Foul Ball, location: 2F 2-2: Ground out 4-3 (Groundball, 4S, EV 72.5 MPH)
|
| Bottom of the 6th over - 0 runs, 1 hit, 0 errors, 1 left on base; Altoona 4 - Biloxi 0 |
| TOP OF THE 7TH |
|
Altoona Curve batting - Pitching for Biloxi Shuckers : RHP Chris Bedard
|
|
Batting: RHB Richard Barrios
|
0-0: SINGLE (Groundball, 56D, EV 96.9 MPH)
|
|
Batting: SHB Curtis Thompson
|
0-0: Called Strike 0-1: Swinging Strike 0-2: Ball 1-2: Ball 2-2: Foul Ball, location: 2F 2-2: Ball 3-2: Foul Ball, location: 2F 3-2: Strikes out swinging
|
|
Batting: RHB Pleun Smit
|
0-0: Called Strike 0-1: Called Strike 0-2: Ball 1-2: Foul Ball, location: 2F 1-2: Strikes out looking
|
|
Batting: LHB Sammy Roddenberry
|
0-0: Fielders Choice at 2nd, 5-4 (Groundball, 5L, EV 84.4 MPH)
|
| Top of the 7th over - 0 runs, 1 hit, 0 errors, 1 left on base; Altoona 4 - Biloxi 0 |
| BOTTOM OF THE 7TH |
|
Biloxi Shuckers batting - Pitching for Altoona Curve : RHP Joreão Zquete
|
|
Batting: RHB Bobby Heagle
|
0-0: Called Strike 0-1: Ball 1-1: Ball 2-1: Swinging Strike 2-2: Strikes out looking
|
|
Batting: RHB Brian Landrum
|
0-0: Ball 1-0: Called Strike 1-1: Ball 2-1: Fly out, F8 (Flyball, 89M, EV 76.9 MPH)
|
|
Batting: RHB Leo Serrano
|
0-0: Called Strike 0-1: Ground out 4-3 (Groundball, 4, EV 107.5 MPH)
|
| Bottom of the 7th over - 0 runs, 0 hits, 0 errors, 0 left on base; Altoona 4 - Biloxi 0 |
| TOP OF THE 8TH |
|
Altoona Curve batting - Pitching for Biloxi Shuckers : RHP Chris Bedard
|
|
Pitching: LHP Randy Yarrigle
|
|
|
Batting: LHB Jorge Quintana
|
0-0: Foul Ball, location: 2F 0-1: Fly out, F8 (Flyball, 78S, EV 90.0 MPH)
|
|
Batting: LHB Phil DeCamp
|
0-0: Ball 1-0: Ground out 4-3 (Groundball, 4, EV 105.0 MPH)
|
|
Batting: LHB Marc Carter
|
0-0: Ball 1-0: Foul Ball, location: 2F 1-1: Ball 2-1: Ball 3-1: Swinging Strike 3-2: Base on Balls
|
|
Batting: RHB Jose Almonte
|
0-0: Swinging Strike 0-1: Ball 1-1: Ball 2-1: Ball 3-1: Base on Balls Marc Carter to second
|
|
Batting: RHB Mike Velazquez
|
0-0: Called Strike 0-1: Swinging Strike 0-2: Ball 1-2: Ball 2-2: Foul Ball, location: 2F 2-2: Strikes out swinging
|
| Top of the 8th over - 0 runs, 0 hits, 0 errors, 2 left on base; Altoona 4 - Biloxi 0 |
| BOTTOM OF THE 8TH |
|
Biloxi Shuckers batting - Pitching for Altoona Curve : RHP Joreão Zquete
|
|
Batting: SHB Robert Sayer
|
0-0: Called Strike 0-1: Ball 1-1: Ground out 4-3 (Groundball, 34, EV 93.1 MPH)
|
|
Batting: RHB Nick Cummings
|
0-0: Ball 1-0: Ball 2-0: Called Strike 2-1: Foul Ball, location: 2F 2-2: Ground out 6-3 (Groundball, 6, EV 83.1 MPH)
|
|
Batting: SHB Mike Williams
|
0-0: Fly out, F7 (Flyball, 7D, EV 92.5 MPH)
|
| Bottom of the 8th over - 0 runs, 0 hits, 0 errors, 0 left on base; Altoona 4 - Biloxi 0 |
| TOP OF THE 9TH |
|
Altoona Curve batting - Pitching for Biloxi Shuckers : LHP Randy Yarrigle
|
|
Pitching: LHP Jim McCutcheon
|
|
|
Batting: RHB Richard Barrios
|
0-0: Ball 1-0: Ball 2-0: Called Strike 2-1: Fly out, F7 (Flyball, 78S, EV 84.4 MPH)
|
|
Batting: SHB Curtis Thompson
|
0-0: Called Strike 0-1: Ball 1-1: Foul Ball, location: 2F 1-2: SINGLE (Groundball, 6MD, EV 101.9 MPH)
|
|
Batting: RHB Pleun Smit
|
0-0: Called Strike 0-1: Called Strike 0-2: Strikes out looking
|
|
Batting: LHB Sammy Roddenberry
|
0-0: Fly out, F6 (Popup, 6M, EV 62.5 MPH)
|
| Top of the 9th over - 0 runs, 1 hit, 0 errors, 1 left on base; Altoona 4 - Biloxi 0 |
| BOTTOM OF THE 9TH |
|
Biloxi Shuckers batting - Pitching for Altoona Curve : RHP Joreão Zquete
|
|
Batting: LHB Pablo Cardona
|
0-0: Ball 1-0: Called Strike 1-1: Called Strike 1-2: Ball 2-2: Foul Ball, location: 2F 2-2: Strikes out swinging
|
|
Pitching: RHP Justin Jones
|
|
|
Batting: RHB Steve Byerly
|
0-0: Ball 1-0: Ball 2-0: Called Strike 2-1: Foul Ball, location: 2F 2-2: Ground out 4-3 (Groundball, 4, EV 91.2 MPH)
|
|
Batting: RHB Josh Nelson
|
0-0: Ball 1-0: Ball 2-0: Ground out 6-3 (Groundball, 6, EV 105.6 MPH)
|
| Bottom of the 9th over - 0 runs, 0 hits, 0 errors, 0 left on base; Altoona 4 - Biloxi 0 |
|